 Dungeon Crawl Stone Soup version 0.19-a0-1889-g9c603be (console) character file.

2760 brucemayne the Cleaver (level 9, -5/97 HPs)
             Began as a Demonspawn Gladiator on Oct 17, 2016.
             Killed by divine providence
             ... invoked by an orc priest
              (14 damage)
             ... on level 9 of the Dungeon.
             The game lasted 00:20:24 (4256 turns).

brucemayne the Cleaver (Demonspawn Gladiator)       Turns: 4256, Time: 00:20:25

Health: -5/97      AC: 11    Str: 23    XL:     9   Next: 41%
Magic:  0/9        EV:  9    Int: 10    God:
Gold:   412        SH:  0    Dex: 14    Spells: 0 memorised, 8 levels left

rFire  . . .     SeeInvis +     a - +0 war axe
rCold  . . .     Gourm    .     q - +0 chain mail
rNeg   . . .     Faith    .     (no shield)
rPois  .         Spirit   +     (helmet unavailable)
rElec  .         Reflect  .     (no cloak)
rCorr  .         Harm     .     u - +1 pair of gloves
MR     .....     Rnd*Tele +     (no boots)
Stlth  ..........               (no amulet)
                                (no ring)
                                E - ring of teleportation (curse)

@: berserking (expiring), very quick
A: antennae 3, nightstalker 1, magic shield, magic regeneration
a: no special abilities


You were on level 9 of the Dungeon.
You were not hungry.

You visited 2 branches of the dungeon, and saw 10 of its levels.

You collected 412 gold pieces.

Inventory:

Hand Weapons
 a - a +0 war axe (weapon)
 l - a +0 blowgun
 C - a +0 war axe
Missiles
 m - 34 poisoned needles
 x - 4 needles of sleeping
Armour
 b - a +0 leather armour
 c - a +0 helmet
 i - a +0 ring mail
 q - a +0 chain mail (worn)
 u - a +1 pair of gloves (worn)
 v - a +0 shield
Jewellery
 E - a cursed ring of teleportation (left hand)
Wands
 j - a wand of acid (0/15)
 n - a wand of acid (0/15)
 y - a wand of polymorph (9/24)
Scrolls
 d - 3 scrolls of identify
 o - a scroll of amnesia
 p - 2 scrolls of random uselessness
 t - a scroll of fear
 A - 2 scrolls of recharging
Potions
 g - 2 potions of ambrosia
 h - a potion of berserk rage
 k - 3 potions of flight
 s - a potion of cancellation {unknown}
 w - 2 potions of curing
Books
 z - a book of Callings

   Spells                             Type                      Level
   a - Summon Small Mammal            Summoning                    1
   b - Call Imp                       Summoning                    2
   c - Call Canine Familiar           Summoning                    3
   d - Summon Guardian Golem          Hexes/Summoning              3
   e - Summon Lightning Spire         Summoning/Air                4
   f - Summon Ice Beast               Ice/Summoning                4
Comestibles
 f - 6 bread rations
 r - 3 slices of pizza
 B - 3 meat rations
 D - 3 chunks of flesh


   Skills:
 + Level 3.9 Fighting
 - Level 11.2 Axes
 - Level 1.7 Throwing
 + Level 2.8 Armour
 - Level 2.6 Dodging


You had 8 spell levels left.
You didn't know any spells.

Dungeon Overview and Level Annotations

Branches:
Dungeon (9/15)             Temple (1/1) D:7
   Lair: D:8-11         Orc: D:9-12

Altars:
Ashenzari
Dithmenos
Elyvilon
Fedhas
Gozag
Kikubaaqudgha
Nemelex Xobeh
Okawaru
Qazlal
Ru
Sif Muna
Trog
Uskayaw
Vehumet
Yredelemnul
Zin
The Shining One

Shops:
D:5 [   D:6 :   D:9 =

Annotations:
D:3 exclusion: downstairs
D:6 exclusion: downstairs, Duvessa


Innate Abilities, Weirdness & Mutations

You have a pair of large antennae on your head. (SInv)
You are slightly more attuned to the shadows.
When hurt, damage is shared between your health and your magic reserves.
You regenerate magic rapidly.


Message History

You kill the orc warrior!
You closely miss the orc wizard.
Unknown command.
You slash the orc wizard!
The orc wizard is almost dead.
The orc wizard closely misses you.
Unknown command.
You completely miss the orc priest. You hit the orc wizard.
You kill the orc wizard!
The orc priest hits you with a club.
* * * LOW HITPOINT WARNING * * *
Unknown command.
You hit the orc priest.
The orc priest is moderately wounded.
Unknown command.
You barely miss the orc priest.
The orc priest is moderately wounded.
The orc priest calls down the wrath of Beogh upon you.
Beogh smites you!
You die...

....# #.... ....#
#...#...#... ..# ...#
#...##..#..# #.# #..#
#...##..#^.# #.# # #..#
#...##..#..# #.. # #..#
#...##..#..# #$♣ #
#..###...##..#..# #.# #
#............#..####.####.
#
#............@o..).(.......
#
#............^)......###..o
####...>........##......# .
................##......#
####............##......#
#..†.........##......#
#............##......#
#.......... #..........


You could see an orc priest.

Vanquished Creatures
  A hippogriff (D:8)
  A spriggan (D:8)
  A hungry ghost (D:7)
  3 orc warriors
  3 phantoms
  A necrophage (D:9)
  2 ogres
  Blork the orc (D:4)
  2 bullfrogs
  4 scorpions
  A wight (D:8)
  3 crimson imps
  3 orc priests
  5 hounds
  A jelly (D:7)
  A bullfrog skeleton (D:4)
  10 orc wizards
  2 centaur skeletons (D:9)
  Jessica (D:2)
  An iguana (D:9)
  6 worker ants
  8 adders
  A shadow imp (D:7)
  An ooze (D:3)
  An adder skeleton (D:5)
  A dart slug (D:2)
  2 leopard geckos
  18 orcs
  3 giant cockroaches
  4 goblins
  2 jackals (D:8)
  4 kobolds
  3 quokkas
  8 bats
  A frilled lizard (D:1)
  A jackal skeleton (D:7)
  A jackal zombie (D:8)
  6 rats
  A plant (D:2)
119 creatures vanquished.

Notes
Turn   | Place    | Note
-------+----------+-------------------------------------------
     0 | D:1      | brucemayne the Demonspawn Gladiator began the quest for the Orb.
     0 | D:1      | Reached XP level 1. HP: 16/16 MP: 1/1
    34 | D:1      | Found a shattered altar of Ashenzari.
    98 | D:2      | Reached skill level 3 in Axes
   238 | D:2      | Gained mutation: You have a pair of small antennae on your head. [demonic ancestry]
   238 | D:2      | Reached XP level 2. HP: 13/22 MP: 2/2
   474 | D:2      | Noticed Jessica
   480 | D:2      | Killed Jessica
   480 | D:2      | Reached skill level 4 in Axes
   480 | D:2      | Gained mutation: You have a pair of antennae on your head. [demonic ancestry]
   480 | D:2      | Reached XP level 3. HP: 27/27 MP: 3/3
   683 | D:4      | Noticed an ogre
   686 | D:4      | Noticed a scorpion
   689 | D:3      | Reached XP level 4. HP: 20/33 MP: 4/4
   733 | D:3      | Found a basalt altar of Yredelemnul.
   980 | D:4      | Noticed a dagger
   980 | D:4      | Noticed a dagger
   981 | D:4      | Found a hide-covered altar of Uskayaw.
  1220 | D:4      | Reached skill level 5 in Axes
  1220 | D:4      | Gained mutation: You have a pair of large antennae on your head. (SInv) [demonic ancestry]
  1220 | D:4      | Reached XP level 5. HP: 38/38 MP: 5/5
  1239 | D:4      | Found an ancient bone altar of Kikubaaqudgha.
  1269 | D:4      | Noticed Blork the orc
  1291 | D:4      | Killed Blork the orc
  1291 | D:4      | Reached skill level 6 in Axes
  1291 | D:4      | Gained mutation: You are slightly more attuned to the shadows. [demonic ancestry]
  1291 | D:4      | Reached XP level 6. HP: 32/44 MP: 6/6
  1478 | D:5      | Entered Level 5 of the Dungeon
  1559 | D:5      | Found Izeudyod's Armour Boutique.
  1818 | D:4      | Found a radiant altar of Vehumet.
  1924 | D:4      | Reached skill level 7 in Axes
  1930 | D:4      | Gained mutation: When hurt, damage is shared between your health and your magic reserves. [demonic ancestry]
  1930 | D:4      | Reached XP level 7. HP: 16/50 MP: 7/7
  1984 | D:4      | Found an iron altar of Okawaru.
  2256 | D:6      | Noticed Duvessa
  2357 | D:6      | Reached skill level 8 in Axes
  2478 | D:6      | Found Ifaihy's Book Boutique.
  2660 | D:7      | Noticed a hungry ghost
  2818 | D:8      | Gained mutation: You regenerate magic rapidly. [demonic ancestry]
  2818 | D:8      | Reached XP level 8. HP: 49/56 MP: 5/8
  2819 | D:8      | Reached skill level 9 in Axes
  2888 | D:7      | Found a stormy altar of Qazlal.
  3005 | D:7      | Found a staircase to the Ecumenical Temple.
  3011 | Temple   | Entered the Ecumenical Temple
  3121 | D:7      | Reached skill level 10 in Axes
  3481 | D:7      | Noticed a hippogriff
  3533 | D:8      | HP: 1/56 [orc warrior/dire flail (10)]
  3728 | D:8      | Reached skill level 11 in Axes
  3728 | D:8      | Reached XP level 9. HP: 25/61 MP: 7/9
  3867 | D:9      | Found Xiere's Jewellery Boutique.
  3933 | D:8      | Reached skill level 1 in Armour
  3981 | D:8      | Found a glowing golden altar of the Shining One.
  3983 | D:8      | Found a glowing silver altar of Zin.
  4126 | D:8      | Noticed a skeletal warrior
  4256 | D:9      | Killed from afar by an orc priest

Vault maps used:
D:1:      scummos_arrival_simple_fountains, ashenzari_altar_1
D:2:      kennysheep_slug_shrine, serial_forest, infiniplex_forest_clump_curved,
          infiniplex_forest_lined_3, infiniplex_forest_lined_3_way,
          infiniplex_forest_clump_medium, infiniplex_forest_zigzag_2,
          infiniplex_forest_clump_small, infiniplex_forest_lined_corner,
          first_bread, uniq_jessica
D:3:      lemuel_doored_altar
D:4:      vehumet_crystals, old_standard_altar, kiku_gazebo_garden_becter,
          dancing_weapons_uskayaw, portal_sewer_entry_a,
          hangedman_decor_slide_cut, uniq_blork_the_orc
D:5:      serial_shops, nicolae_shop_statue_plus
D:6:      serial_shops, shop, uniq_duvessa
D:7:      grunt_temple_overflow_champion_of_chaos,
          nicolae_qazlal_general_emergency
D:8:      nicolae_overflow_hidden_temple, the_bakery, minmay_misc_feat_enclosed
D:9:      overflow_temple_1_default, serial_shops, shop, nicolae_shop_trees,
          shop, shop_statue, nicolae_shop_behind_doors, special_room
Temple:   compressed_dpeg_triangle_lava_temple

Skill      XL: |  1  2  3  4  5  6  7  8  9 |
---------------+----------------------------+-----
Axes           | 3 4 5 6 7 8 11 | 11.2
Armour         | 2 |  2.8
Fighting       | 3 |  3.9
Throwing       | |  1.7
Dodging        | |  2.6

Action                   |  1- 3 |  4- 6 |  7- 9 || total
-------------------------+-------+-------+-------++-------
Melee: War axe           |   107 |    95 |   310 ||   512
Throw: Throwing net      |       |     3 |     3 ||     6
Evoke: Wand              |       |     5 |    10 ||    15
  Use: Scroll            |     1 |     7 |     5 ||    13
       Potion            |       |       |     5 ||     5
 Stab: Held in net/web   |       |     1 |     1 ||     2
  Eat: Fruit             |       |     3 |       ||     3
       Pizza             |       |     1 |       ||     1
       Chunk             |       |       |     7 ||     7
       Beef jerky        |       |       |     1 ||     1
       Bread ration      |       |       |     1 ||     1
Armor: Leather armour    |     5 |       |       ||     5
       Ring mail         |    27 |    28 |    20 ||    75
       Chain mail        |       |       |   125 ||   125
Dodge: Dodged            |    55 |    58 |   143 ||   256
